Map: [ESL] Oceanborn

Players

llllllllllll (sOs) - Winner!

  • Race: Protoss Protoss
  • Spawn Location: 11:00

ShoWTimE

  • Race: Protoss Protoss
  • Spawn Location: 5:00

Event: IEM Katowice 2024

VOD

Have the link to the VOD?

Description

Time

  • Played on: Dec. 5, 2023, 5:40 a.m.
  • Length: 17:52

All games in this series

Show
View Real Time Build Order
Export as new Build Order

llllllllllll Protoss - Winner!

Build Orders: Blink Stalkers 

Get SALT Encoding   

  12  0:00  Probe  
  13  0:12  Probe  
  14  0:16  Pylon  
  14  0:24  Probe (Chrono Boost)  
  15  0:36  Gateway, Probe (Chrono Boost)  
  16  0:43  Probe (Chrono Boost)  
  16  0:45  Assimilator  
  17  0:51  Probe  
  17  0:54  Assimilator  
  18  1:03  Probe (Chrono Boost)  
  19  1:07  Gateway  
  19  1:12  Probe (Chrono Boost)  
  19  1:17  Probe (Chrono Boost)  
  20  1:24  Cybernetics Core  
  21  1:29  Probe  
  22  1:34  Pylon  
  22  1:42  Probe  
  22  1:45  Pylon  
  23  1:54  Probe  
  24  2:01  Stalker  
  24  2:02  Warp Gate  
  24  2:05  Stalker  
  28  2:16  Pylon  
  28  2:25  Twilight Council  
  28  2:44  Stalker x2  
  32  2:56  Blink (Chrono Boost)  
  32  3:06  Shield Battery  
  32  3:09  Pylon  
  32  3:25  Stalker x2  
  36  3:33  Gateway  
  36  3:53  Gateway  
  36  4:03  Stalker x2  
  40  4:14  Pylon  
  40  4:32  Stalker x3  
  46  4:55  Stalker x3  
  46  4:56  Stalker  
  54  5:07  Pylon  
  50  5:18  Stalker x2  
  40  5:43  Stalker x2  
  40  5:44  Stalker  
  40  5:47  Stalker  
  46  6:12  Stalker x3  
  52  6:22  Stalker  
  52  6:41  Stalker x2  
  56  6:53  Stalker  
  58  6:56  Pylon  
  58  6:58  Stalker  
  58  7:18  Stalker  
  58  7:19  Stalker  
  60  7:33  Stalker  
  60  7:34  Stalker  
  54  7:47  Stalker  
  54  7:48  Zealot  
  52  8:10  Stalker x3  
  52  8:35  Stalker x2  
  54  8:49  Stalker  
  44  9:08  Stalker x2  
  48  9:23  Stalker  
  38  10:08  Nexus  
  38  10:13  Sentry  
  40  10:18  Sentry  
  42  10:24  Sentry, Phoenix  
  44  10:37  Shield Battery  
  44  10:40  Probe (Chrono Boost)  
  46  10:51  Probe (Chrono Boost)  
  46  10:56  Probe (Chrono Boost)  
  47  11:06  Probe  
  49  11:18  Probe  
  49  11:25  Probe  
  50  11:30  Probe  
  50  11:32  Robotics Facility  
  51  11:35  Stalker  
  51  11:37  Probe  
  54  11:41  Stalker  
  56  11:48  Stalker  
  54  12:13  Stalker x2  
  54  12:14  Nexus  
  58  12:19  Stalker  
  58  12:22  Observer (Chrono Boost)  
  59  12:31  Pylon  
  59  12:36  Probe  
  60  12:38  Probe  
  60  12:40  Immortal (Chrono Boost)  
  65  12:48  Probe (Chrono Boost), Phoenix  
  65  12:50  Shield Battery, Probe (Chrono Boost)  
  67  13:00  Probe (Chrono Boost)  
  67  13:02  Probe (Chrono Boost)  
  69  13:06  Probe (Chrono Boost)  
  69  13:07  Phoenix, Probe (Chrono Boost)  
  69  13:11  Immortal (Chrono Boost)  
  75  13:15  Probe  
  75  13:16  Probe  
  77  13:26  Probe  
  79  13:27  Forge, Probe  
  79  13:37  Immortal (Chrono Boost)  
  83  13:42  Probe x2  
  83  13:44  Pylon  
  83  13:45  Assimilator  
  83  13:47  Charge  
  85  13:54  Observer  
  85  13:55  Protoss Ground Weapons Level 1 (Chrono Boost)  
  85  13:57  Probe  
  85  14:01  Phoenix  
  86  14:05  Probe x2  
  86  14:08  Immortal (Chrono Boost), Pylon  
  92  14:16  Probe  
  93  14:19  Templar Archives  
  93  14:21  Gateway  
  93  14:22  Gateway  
  93  14:23  Assimilator  
  93  14:24  Observer  
  93  14:39  Nexus  
  93  14:40  Pylon  
  93  14:51  Warp Prism (Chrono Boost)  
  95  14:54  Probe  
  94  15:01  High Templar  
  94  15:02  High Templar, Zealot  
  94  15:06  Archon  
  100  15:15  Shield Battery  
  100  15:16  Gateway x2, Photon Cannon  
  100  15:18  Pylon  
  100  15:20  Gateway  
  100  15:25  Probe  
  100  15:26  High Templar x2, Probe x2  
  100  15:27  Zealot  
  109  15:32  Archon  
  109  15:37  Zealot x2  
  113  15:53  Zealot  
  113  15:54  Probe x2  
  113  15:55  Probe x2  
  119  16:02  High Templar x2, Zealot  
  119  16:03  Zealot  
  127  16:07  Archon  
  127  16:10  Gateway  
  127  16:12  Zealot x2  
  127  16:14  Assimilator  
  127  16:15  Gateway  
  127  16:16  Assimilator  
  127  16:17  Observer  
  127  16:18  Zealot x2  
  135  16:31  Pylon x2  
  135  16:36  Zealot x6  
  147  16:50  Pylon  
  147  16:53  High Templar x2  
  151  16:57  Archon  
  151  16:58  Zealot x2  
  151  16:59  Zealot x4  
  163  17:02  Pylon  
  163  17:03  Pylon  
  163  17:15  Observer  
  150  17:19  Zealot x5  
  150  17:20  Stalker x2  
  137  17:26  Probe  
  130  17:32  Zealot x3  
  130  17:33  Probe  
  115  17:42  Zealot x5  
  113  17:45  Zealot  
  113  17:46  Zealot  
Show
View Real Time Build Order
Export as new Build Order

ShoWTimE Protoss 

Build Orders: Oracle Opening, Proxy Void Ray 

Get SALT Encoding   

  12  0:00  Probe  
  13  0:12  Probe  
  14  0:19  Pylon  
  14  0:24  Probe  
  15  0:37  Probe (Chrono Boost)  
  15  0:38  Gateway  
  16  0:46  Assimilator, Probe (Chrono Boost)  
  17  0:51  Probe (Chrono Boost)  
  18  1:03  Probe  
  19  1:15  Probe (Chrono Boost)  
  20  1:18  Assimilator  
  20  1:20  Pylon  
  21  1:26  Cybernetics Core  
  21  1:27  Probe (Chrono Boost)  
  21  1:32  Probe (Chrono Boost)  
  21  1:37  Zealot  
  24  1:42  Probe  
  25  1:54  Probe  
  26  2:03  Stargate  
  26  2:09  Warp Gate  
  26  2:19  Nexus  
  26  2:26  Stalker  
  28  2:34  Shield Battery  
  28  2:40  Pylon  
  28  2:45  Oracle (Chrono Boost)  
  31  2:56  Probe  
  31  3:04  Stalker  
  33  3:08  Probe  
  34  3:20  Probe  
  39  3:27  Void Ray (Chrono Boost)  
  41  3:39  Shield Battery  
  39  3:44  Shield Battery  
  39  3:59  Void Ray (Chrono Boost)  
  39  4:00  Stalker  
  45  4:12  Gateway  
  45  4:15  Shield Battery  
  45  4:23  Probe x2  
  47  4:24  Stalker  
  47  4:27  Pylon  
  49  4:44  Void Ray (Chrono Boost)  
  53  4:47  Stalker  
  55  4:53  Shield Battery  
  55  5:06  Shield Battery, Stalker  
  57  5:08  Shield Battery  
  53  5:28  Gateway  
  53  5:35  Stalker  
  53  5:37  Void Ray (Chrono Boost)  
  55  5:43  Shield Battery  
  55  5:58  Robotics Facility  
  55  6:03  Cybernetics Core, Stalker  
  57  6:19  Probe x2  
  57  6:23  Zealot  
  61  6:26  Pylon  
  61  6:27  Pylon  
  59  6:41  Stalker  
  59  6:43  Immortal (Chrono Boost)  
  63  6:53  Shield Battery  
  63  6:58  Stalker  
  57  7:12  Immortal (Chrono Boost)  
  59  7:21  Stalker  
  57  7:29  Stalker  
  58  7:37  Shield Battery  
  52  7:45  Immortal (Chrono Boost)  
  54  7:55  Stalker  
  56  8:03  Stalker  
  47  8:26  Stalker x2  
  51  8:42  Pylon  
  51  8:44  Pylon  
  49  9:02  Stalker x2  
  47  9:20  Immortal (Chrono Boost)  
  51  9:26  Stalker  
  53  9:37  Stalker  
  41  10:03  Nexus  
  41  10:07  Sentry  
  41  10:11  Sentry  
  45  10:22  Pylon  
  45  10:26  Probe  
  46  10:38  Probe (Chrono Boost)  
  46  10:41  Shield Battery  
  47  10:45  Observer  
  49  10:50  Probe (Chrono Boost)  
  49  10:56  Probe (Chrono Boost)  
  50  11:05  Probe  
  51  11:15  Probe  
  52  11:19  Phoenix  
  52  11:22  Immortal (Chrono Boost)  
  54  11:31  Probe  
  55  11:35  Probe  
  56  11:43  Twilight Council, Probe  
  57  11:47  Sentry, Probe  
  57  11:50  Sentry  
  62  11:55  Probe  
  62  11:59  Probe  
  64  12:07  Probe  
  65  12:11  Probe  
  63  12:18  Blink (Chrono Boost)  
  63  12:19  Pylon  
  63  12:29  Nexus  
  63  12:32  Probe x2  
  66  12:38  Shield Battery  
  66  12:42  Warp Prism (Chrono Boost)  
  65  12:47  Probe  
  65  12:49  Probe  
  69  12:56  Assimilator  
  69  12:59  Pylon  
  69  13:00  Probe  
  69  13:01  Probe  
  72  13:13  Probe (Chrono Boost)  
  72  13:15  Observer  
  72  13:16  Stalker x2  
  72  13:18  Probe (Chrono Boost)  
  78  13:25  Probe (Chrono Boost)  
  79  13:27  Shield Battery  
  79  13:30  Probe (Chrono Boost)  
  79  13:33  Probe (Chrono Boost)  
  81  13:35  Probe (Chrono Boost)  
  81  13:39  Probe  
  83  13:42  Gateway x2, Probe  
  83  13:44  Probe  
  85  13:51  Probe  
  85  13:52  Forge  
  85  13:54  Probe  
  87  13:56  Probe  
  87  13:59  Assimilator  
  88  14:03  Probe  
  88  14:05  Gateway  
  88  14:06  Charge (Chrono Boost)  
  88  14:08  Gateway  
  89  14:11  Observer  
  89  14:16  Probe x2  
  91  14:17  Templar Archives  
  91  14:19  Protoss Ground Weapons Level 1 (Chrono Boost)  
  91  14:28  Pylon  
  91  14:29  Observer  
  91  14:35  Zealot x2  
  95  14:42  Nexus  
  94  14:51  Stalker x2  
  98  15:04  High Templar, Pylon  
  100  15:07  Pylon  
  100  15:08  Pylon  
  100  15:10  Gateway  
  100  15:12  Nexus  
  100  15:14  Phoenix  
  100  15:15  Gateway  
  100  15:22  Pylon  
  100  15:24  High Templar x2  
  100  15:25  High Templar  
  100  15:28  Observer (Chrono Boost), Archon  
  107  15:29  Zealot, Archon  
  109  15:42  Pylon  
  109  15:46  Immortal (Chrono Boost)  
  113  15:52  Gateway x2  
  113  15:54  Pylon  
  112  15:57  High Templar  
  112  15:58  High Templar, Zealot x3  
  112  16:04  Archon, Shield Battery  
  122  16:06  Shield Battery  
  122  16:23  Zealot x5  
  132  16:26  Zealot  
  132  16:31  Pylon  
  134  16:38  Pylon  
  134  16:50  Zealot x7  
  148  16:57  Zealot x3  
  154  17:04  Pylon  
  154  17:07  Shield Battery  
  154  17:09  Pylon  
  154  17:12  Zealot x4  
  140  17:19  Zealot x4  
  110  17:33  Zealot x6  
  104  17:40  Zealot x3  
  91  17:45  Zealot  

Tags
 
Add a new tag
Caveats
  • Supply blocks, unpowered buildings, or Contaminate may cause inaccurate times.
  • Supply counts are checked every 10 seconds.